cohdb
Replays
Latest Replays
All Replays
Popular Replays
Top Player Replays
Match Explorer
How It Works
Community
CoH3 Stats
Reddit
Sign in to upload your games and track your stats! →
Sign in with Steam
Match 41967662
Unlisted
Match 41967662
Overview
Messages
Build Orders
End
Construct Section Command Post
Vickers Machine Gun Team
Selects Indian Artillery Battlegroup
Dingo Light Scout Car
Infantry Section
Selects Artillery Saturation
Infantry Section
Construct Platoon Command Post
Selects Off-map Airburst Barrage
Off-map Airburst Barrage
Construct Company Command Post
Selects BL5.5 Artillery Emplacement
Selects War Cry
Off-map Airburst Barrage
Selects Gurkha Rifles Section
homig
Alvarez
kerem
RisingSun
Der Paul
dugi1992
0
0
Comments
sign in to comment!
No comments posted yet!